Cogmind - Beta 14 @@@ ROGUE MODE // 2024.10.10 @ 19:38:15 Player: Deo Result: Destroyed by S-10 Pest with Light Assault Rifle Performance ------------- Evolutions (0) 0 Regions Visited (2) 400 Robots Destroyed (34) 170 Value Destroyed (729) 729 Prototype IDs (0) 0 Alien Tech Used (0) 0 Bonus (68) 68 TOTAL SCORE: 1367 Bonus ------- Follower Combat Kills 68 Cogmind --------- Core Integrity 0/250 Matter 300/300 Energy 239/250 System Corruption 2% Temperature Cool (48) Movement Walking (120) Location -10/Mines Parts ------- > --- POWER (1) -------- Ion Engine > --- PROPULSION (2) --- Aluminum Leg Aluminum Leg > --- UTILITY (2) ------ Medium Storage Unit Signal Interpreter > --- WEAPON (2) ------- Small Laser Beam Rifle > --- INVENTORY (10) --- Light Ion Engine Aluminum Leg Carbon-fiber Leg Carbon-fiber Leg Visual Processing Unit Sensor Array Targeting Computer Targeting Computer Beam Rifle Beamcaster Peak State ------------ > --- POWER ------------ Ion Engine > --- PROPULSION ------- Aluminum Leg Aluminum Leg > --- UTILITY ---------- Medium Storage Unit Signal Interpreter > --- WEAPON ----------- Small Laser Beam Rifle > --- INVENTORY -------- Light Ion Engine Aluminum Leg Carbon-fiber Leg Carbon-fiber Leg Visual Processing Unit Sensor Array Targeting Computer Targeting Computer Beam Rifle Beamcaster [Rating: 10] Favorites ----------- Power Ion Engine Engine Ion Engine Propulsion Aluminum Leg Leg Aluminum Leg Utility Medium Storage Unit Storage Medium Storage Unit Processor Signal Interpreter Weapon Light Assault Rifle Energy Gun Medium Laser Ballistic Gun Light Assault Rifle Build | -11 -10 -10 ------- Run | Yrd Mat Min Slots Evolved . | . . . Power . | . . . Propulsion . | . . . Utility . | . . . Weapon . | . . . Parts Attached 23 | 6 10 7 Power 5 | 1 3 1 Engine 5 | 1 3 1 Core . | . . . Reactor . | . . . Propulsion 7 | 2 3 2 Treads . | . . . Leg 7 | 2 3 2 Wheel . | . . . Hover . | . . . Flight . | . . . Utility 3 | 1 2 . Device . | . . . Storage 2 | 1 1 . Processor 1 | . 1 . Hackware . | . . . Protection . | . . . Artifact . | . . . Weapon 8 | 2 2 4 Energy Gun 4 | 1 1 2 Energy Cannon . | . . . Ballistic Gun 4 | 1 1 2 Ballistic Cannon . | . . . Launcher . | . . . Special Weapon . | . . . Impact Weapon . | . . . Slashing Weapon . | . . . Piercing Weapon . | . . . Special Melee Weapon . | . . . Unidentified Prototypes . | . . . Parts Lost 9 | . 5 4 Power 2 | . 2 . Propulsion 4 | . 3 1 Utility . | . . . Weapon 3 | . . 3 Highest Loss Streak 2 | . 2 2 To Critical Strikes . | . . . Average Slot Usage (%) 95 | . 95 97 Engine 13 | . 12 14 Leg 27 | . 27 27 Storage 15 | . 16 14 Processor 9 | . 8 14 Energy Gun 8 | . 5 14 Ballistic Gun 19 | . 22 11 Peak Build Rating 10 | 6 8 10 Average Rating 6 | 3 6 7 On Entrance 4 | . 6 8 Naked Turns . | . . . Heaviest Build 23 | 13 23 19 Greatest Support 20 | 20 20 20 Greatest Overweight (x) 3 | 3 1 . Average Overweight (x) . | 1 . . Largest Inventory Capacity 10 | 8 10 10 Average Capacity 9 | 7 9 10 Most Carried 10 | 5 10 10 Average Carried 7 | 2 6 9 Final Capacity 10 | 8 10 10 Final Carried 10 | 2 10 10 Class Distribution -------------------- 100% | Mutant Dominant Class ---------------- Mutant | -10/Materials Mutant | -10/Mines Resources | -11 -10 -10 ----------- Run | Yrd Mat Min Matter Collected 538 | 217 223 98 Remotely . | . . . Salvage Created 963 | . 621 342 Parts 64 | . 43 21 Haulers Intercepted . | . . . Recyclers Shooed 1 | . 1 . Parts Field Recycled . | . . . Retrieved Matter . | . . . Parts Self-Destructed . | . . . Prevented . | . . . Kills | -11 -10 -10 ------- Run | Yrd Mat Min Combat Hostiles Destroyed 30 | . 17 13 Guns 30 | . 17 13 Classes Destroyed 5 | . 4 1 Worker 2 | . . 2 Operator 1 | . 1 . Watcher 1 | . 1 . Swarmer 16 | . 6 10 Grunt 14 | . 11 3 Best Kill Streak 3 | . 3 3 Combat Bots Only 3 | . 3 3 Max Kills in Single Turn 2 | . 1 2 Gunslinging 1 | . . 1 Exploded . | . . . Melee . | . . . Uniques/NPCs Destroyed . | . . . Combat | -11 -10 -10 -------- Run | Yrd Mat Min Hostile Shots Fired 169 | . 84 85 Missed 43 | . 20 23 Damage Taken 1253 | . 701 552 Core 251 | . 113 138 Absorbed by Shields . | . . . Core Remaining (%) 100 | 100 . . Volleys Fired 104 | . 65 39 Largest 2 | . 2 2 Hottest 96 | . 70 96 Shots Fired 200 | . 130 70 Gun 200 | . 130 70 Cannon . | . . . Launcher . | . . . Special . | . . . Kinetic 138 | . 103 35 Thermal 31 | . 24 7 Explosive . | . . . Electromagnetic 31 | . 3 28 Robot Hit Streak 10 | . 10 6 Robot Miss Streak 7 | . 7 3 Penetration Max . | . . . Secondary Targets 7 | . 3 4 Max Gunslinging Chain 1 | . 1 1 Shots Hit Robots 123 | . 82 41 Core Hits 61 | . 38 23 Critical Kills 1 | . . 1 Critical Parts Destroyed 2 | . 2 . Critical Strikes 4 | . 3 1 Burn 1 | . 1 . Destroy 3 | . 2 1 Melee Attacks . | . . . Impact . | . . . Slashing . | . . . Piercing . | . . . Sneak Attacks . | . . . Combat Hostiles . | . . . Follow-up Attacks . | . . . Damage Inflicted 1193 | . 761 432 Guns 1155 | . 733 422 Cannons . | . . . Explosions . | . . . Melee . | . . . Ramming 38 | . 28 10 Kinetic 669 | . 492 177 Thermal 253 | . 199 54 Explosive . | . . . Electromagnetic 233 | . 42 191 Impact . | . . . Slashing . | . . . Piercing . | . . . Highest Corruption 2 | . 2 2 Average Corruption 2 | . 2 2 Corruption Purged . | . . . Corruption Blocked . | . . . Effects 9 | . 5 4 Message Errors 2 | . 2 . Matter Fused 3 | . 1 2 Heat Flow Errors 2 | . 1 1 Data Loss (major) 1 | . 1 . Weapon Failures 1 | . . 1 Overload Shots . | . . . Overflow Damage 1 | . 1 . Projectiles . | . . . Explosions . | . . . Melee 1 | . 1 . Knockbacks . | . . . Impact . | . . . Kinetic . | . . . Secondary . | . . . Self-Inflicted Damage 43 | . 43 . Shots 2 | . 2 . Rammed . | . . . Targets Rammed 10 | . 7 3 Kicked 10 | . 7 3 Crushed . | . . . Highest Temperature 271 | . 228 271 Average Temperature 50 | . 51 49 Received Heat Transfer 348 | . 249 99 Siege Activations . | . . . Robots Corrupted . | . . . Combat Hostiles . | . . . Parts Fried . | . . . Impact Corruptions 1 | . 1 . Robots Melted . | . . . Combat Hostiles . | . . . Parts Melted 1 | . 1 . Heat Transferred 802 | . 666 136 Parts Sabotaged . | . . . Parts Stolen . | . . . Parts Stripped . | . . . Power Chain Reactions 1 | . 1 . Alert | -11 -10 -10 ------- Run | Yrd Mat Min Peak Influence 378 | . 242 378 Initial 54 | . . 54 Average 144 | . 115 239 Maximum Alert Level 1 | . 1 1 Low Security (%) 72 | 100 83 40 Level 1 27 | . 16 59 Level 2 . | . . . Level 3 . | . . . Level 4 . | . . . Level 5 . | . . . High Security . | . . . Max Security . | . . . Squads Dispatched 4 | . 4 . Investigation 2 | . 2 . Extermination . | . . . Reinforcement 2 | . 2 . Assault . | . . . Garrison . | . . . Intercept . | . . . Searches Triggered . | . . . Construction Impeded . | . . . Haulers Reinforced . | . . . Active Scanning Responses . | . . . Cargo Convoy Interrupts . | . . . Stealth | -11 -10 -10 --------- Run | Yrd Mat Min Distress Signals 3 | . 3 . Communications Jammed . | . . . Distress Signals . | . . . Times Spotted 54 | . 35 19 Peak Tracking Total 7 | . 7 3 Tactical Retreats 5 | . 3 2 Traps | -11 -10 -10 ------- Run | Yrd Mat Min Traps Triggered 4 | . 4 . Indirectly . | . . . Trap Hack Attempts . | . . . Triggered . | . . . Disarmed . | . . . Reprogrammed . | . . . Reused . | . . . Traps Extracted . | . . . Installed . | . . . Triggered . | . . . Machines | -11 -10 -10 ---------- Run | Yrd Mat Min Machines Disabled 2 | . 2 . Max in Single Turn 2 | . 2 . Machines Repaired . | . . . Machines Dismantled . | . . . Machines Sabotaged . | . . . Overloaded Fab Kills . | . . . Hacking | -11 -10 -10 --------- Run | Yrd Mat Min Machines Accessed 5 | . 5 . Terminals 4 | . 4 . Fabricators . | . . . Repair Stations . | . . . Recycling Units 1 | . 1 . Scanalyzers . | . . . Garrison Access . | . . . Total Hacks 7 | . 7 . Successful 4 | . 4 . Failed 3 | . 3 . Catastrophic 1 | . 1 . Database Lockouts . | . . . Manual 4 | . 4 . Terminals 6 | . 6 . Fabricators . | . . . Repair Stations . | . . . Recycling Units 1 | . 1 . Scanalyzers . | . . . Garrison Access . | . . . Terminal Hacks 3 | . 3 . Record 1 | . 1 . Alert Level 1 | . 1 . Zone Layout 1 | . 1 . Fabricator Hacks . | . . . Repair Station Hacks . | . . . Recycling Unit Hacks 1 | . 1 . Report Inventory 1 | . 1 . Scanalyzer . | . . . Garrison Access Hacks . | . . . Unauthorized Hacks . | . . . Terminals . | . . . Fabricators . | . . . Repair Stations . | . . . Recycling Units . | . . . Scanalyzers . | . . . Garrison Access . | . . . Data Cores Recovered . | . . . Used . | . . . Hacking Detections 2 | . 2 . Full Trace Events . | . . . Feedback Events . | . . . Feedback Blocked . | . . . Robot Schematics Acquired . | . . . Robots Built . | . . . Authchips . | . . . Time . | . . . Total Robot Build Rating . | . . . Part Schematics Acquired . | . . . Parts Built . | . . . Authchips . | . . . Time . | . . . Total Part Build Rating . | . . . Parts Repaired . | . . . Time . | . . . Parts Recycled . | . . . Recycled Matter . | . . . Retrieved Matter . | . . . Retrieved Components . | . . . Parts Scanalyzed . | . . . Part Schematics Acquired . | . . . Parts Damaged . | . . . Bothacking | -11 -10 -10 ------------ Run | Yrd Mat Min Used RIF Installer . | . . . Robots Hacked . | . . . Non-combat . | . . . Combat . | . . . Robot Hacks Applied . | . . . Relay Couplers Released . | . . . Fabnet Peak Effective % . | . . . Robots Rewired . | . . . Allies Hacked . | . . . Hacks Repelled . | . . . Allies | -11 -10 -10 -------- Run | Yrd Mat Min Total Allies 2 | . . 2 Largest Group 2 | . . 2 Highest-Rated Group 43 | . . 43 Highest-Rated Ally 31 | . . 31 Total Orders . | . . . Ally Attacks 6 | . . 6 Total Damage 105 | . . 105 Kills 2 | . . 2 Allies Corrupted . | . . . Allies Melted . | . . . Intel | -11 -10 -10 ------- Run | Yrd Mat Min Robot Analysis Total . | . . . Derelict Logs Recovered 1 | . . 1 Drone Launches . | . . . Drone Recoveries . | . . . Exploration | -11 -10 -10 ------------- Run | Yrd Mat Min Turns Passed 1830 | 81 1253 496 Spaces Moved 981 | 47 654 280 Core 21 | 21 . . Treads . | . . . Legs 960 | 26 654 280 Wheels . | . . . Hover . | . . . Flight . | . . . Fastest Speed 50 | 50 120 120 Average Speed 126 | 144 128 120 Slowest Speed 200 | 200 190 120 Overloaded Moves . | . . . Propulsion Burnouts . | . . . Robots Hopped . | . . . Cave-ins Triggered . | . . . Exploration Rate (%) 43 | 4 86 40 Regions Visited 2 Branch Regions 1 Pre-discovered Areas . | . . . Known Exits Taken 1 | . 1 . Unknown Exits Taken 1 | 1 . . Scrap Searched 2 | . . 2 Spaces Dug . | . . . Terrain Destroyed 3 | . 3 . Melee . | . . . Projectile . | . . . AOE 3 | . 3 . Terrain Rammed . | . . . Walls Destroyed . | . . . Machines Disabled . | . . . Actions | -11 -10 -10 --------- Run | Yrd Mat Min Total 1403 | 60 961 382 Wait 218 | . 187 31 Move 979 | 46 653 280 Hop . | . . . Pick Up 45 | 8 25 12 Fast Attach . | . . . Attach 23 | 6 10 7 Detach 5 | . 3 2 Swap . | . . . Drop 19 | . 11 8 Fire 104 | . 65 39 Melee . | . . . Ram . | . . . Kick 10 | . 7 3 Crush . | . . . Escape Stasis . | . . . Rewire . | . . . Trap . | . . . Miscellaneous . | . . . Route ------- -11/Scrapyard -10/Materials (discovered 2 exits: [*Mat] / *Min) -10/Mines History --------- Turn | Location | Event 26 | -11/Scrapyard | Discovered new exit (range 15) 82 | -11/Scrapyard | Entered Materials 311 | -10/Materials | Build established: Mutant 639 | -10/Materials | Discovered new exit (range 9) 748 | -10/Materials | Discovered new exit (range 15) 1333 | -10/Materials | Identified exit to Mines 1335 | -10/Materials | Entered Mines 1352 | -10/Mines | Met a Derelict bent on vengeance 1389 | -10/Mines | Core integrity fell below 50% 1439 | -10/Mines | Learned 2 Materials zone layouts 1613 | -10/Mines | Core integrity fell below 20% 1734 | -10/Mines | Joined a pair of Derelicts in attacking an 0b10 outpost 1780 | -10/Mines | Lost 3 allies 1831 | -10/Mines | Destroyed by S-10 Pest with Light Assault Rifle Last Messages --------------- 01749_ WQ-LE7(g) destroyed. 01751_ K-01 Serf collects debris. 01757_ Dropped Aluminum Leg. 01757_ Acquired Carbon-fiber Leg. 01758_ K-01 Serf collects debris. 01758_ Dropped Imp. Heat Sink. 01761_ K-01 Serf collects debris. 01762_ Acquired Beam Rifle. 01763_ Dropped Lgt. Assault Rifle. 01764_ K-01 Serf collects debris. 01767_ K-01 Serf destroyed. 01770_ Acquired 11 matter. 01780_ Dropped Carbon-fiber Leg. 01780_ Acquired Carbon-fiber Leg. 01786_ Dropped Aluminum Leg. 01787_ Acquired Carbon-fiber Leg. 01795_ Acquired Beamcaster. 01796_ Dropped Lrg. Storage Unit. 01799_ Acquired Beam Rifle. 01830_ S-10 Pest destroyed. Map ----- +----------------------------------------------------+ | ?????????????????????????????????????????????????? | | ?????????????????????????????????????????????????? | | ?????????????????????????????????????????????????? | | ?????????????????????????????????????????????????? | | ?????????????????????????????????????????????????? | | ?????????????????????????????????????????????????? | | ?????????????????????????????????????????????????? | | ?????????????????????????????????????????????????? | | ?????????????????????????????????????????????????? | | ?????????????????????????????????????????????????? | | ?????????????????????????????????????????????????? | | ?????????????????????????????????????????????????? | | ?????????????????????????????????????????????????? | | ?????????????????????????????????????????????????? | | ?????????????????????????????????????????????????? | | ????????#??????????????????????????????? ????????? | | ??????? #??????????????????????####### ????????? | | ???????? #????????????????????? ?????????? | | ???????? ??????????????????? s ??????????? | | ????????? ????????######????? s% ????????????? | | ????????? ???????##"!!"##??? #?????????????? | | ?????????# ???????#!"!!""#??# #??????????????? | | ?????????# ???????#%*!!% ### #???????????????? | | ?????????# ???????##! /%### #????????????????? | | ?????????# ???#######++## #?????????????????? | | ?????????# ##?# [*!%!@ #?????????????????? | | ?????????# ### ###= !== ##?????????????????? | | ?????????# ## ### ##??????????????????? | | ????????## % ### ##???????????????????? | | ???????## %r= %! #?####????????????????????? | | ???????# %####### ##?????????????????????????? | | ???????# =##????###??????????????????????????? | | ???????## ####??????????????????????????????? | | ????????##### ##?????????????????????????????? | | ????????????## ##????????????????????????????? | | ?????????????# ####?????????????????????????? | | ?????????????## ##????????????????????????? | | ??????????????# #????????????????????????? | | ??????????????#%=### #????????????????????????? | | ?????????????##=%#??# ##????????????????????????? | | ??????????#### *#???###?????????????????????????? | | ?????????## #???????????????????????????????? | | ????????## *##??????????????????????????????? | | ???????## % ###????????????????????????????? | | ???????# % ##???????????????????????????? | | ######## ##????####??????????????????? | | *% ##??# ##?????????????????? | | !% ### ##????????????????? | | ######%##### ?????????????????? | | ##??#=#???## ?????????????????? | +----------------------------------------------------+ Best States ------------- Heat Dissipation 25 Energy Generation 10 Energy Capacity 250 Matter Stores 300 Matter Capacity 300 Sight Range 16 Terrain Scan Density 10 Evasion (%) 55 Item Schematics ----------------- None Robot Schematics ------------------ None Fabricated ------------ Nothing Alien Tech Used ----------------- None Achievements -------------- None Challenges ------------ None Game ------ Seed MediumGyrokineticGreatsword Manual? 0 Play Time 00:14:34 Cumulative 9.5 hours Start 2024.10.10 @ 19:24:49 End 2024.10.10 @ 19:38:15 Sessions 1 Manual Loads 0 Difficulty Rogue Special Mode None Game No. 19 Rogue 19 Adventurer 0 Explorer 0 Win Type - Total 0 Types 0/0/0/0/0/0/0/0/0 Lore% 6 Gallery% 11 Achievement% 12 Wizard Run 0 Options --------- Layout 1 ASCII 0 Keyboard 0 Movement Arrows Keybinds 0 Fullscreen 0 Font 20/SmallcapsGlow Map View 50x35 Zoom Use 0% Tactical HUD 1 Map Filters NONE Filters NONE Steam 1 RUN: bdf6a7d9-dab3-41d3-9a0a-d06b4c891c8c